 Dungeon Crawl Stone Soup version 0.17.0-15-g6d90897 (console) character file.

45 gw the Skirmisher (level 3, 0/29 HPs)
             Began as a Demonspawn Chaos Knight on Nov 10, 2015.
             Slain by an adder (2 damage)
             ... on level 2 of the Dungeon.
             The game lasted 00:01:33 (1721 turns).

gw the Skirmisher (Demonspawn Chaos Knight)         Turns: 1721, Time: 00:01:33

Health: 0/29       AC:  5    Str: 12    XL:     3   Next: 42%
Magic:  3/3        EV: 10    Int: 13    God:    Xom [..*...]
Gold:   136        SH:  0    Dex: 13    Spells: 0 memorised, 2 levels left

rFire  + . .     SeeInvis .     b - +0 mace (pain)
rCold  . . .     Clarity  .     d - +0 ring mail
rNeg   . . .     SustAt   .     (no shield)
rPois  .         Gourm    .     (no helmet)
rElec  .         Spirit   .     (no cloak)
rCorr  .         Warding  .     (no gloves)
rMut   .         Stasis   .     (no boots)
MR     .....                    (no amulet)
Stlth  +.........               (no ring)
                                (no ring)

@: lethally poisoned (0 -> -7), not resistant to hostile enchantments, very
unstealthy
A: fire resistance 1
a: Renounce Religion


You were on level 2 of the Dungeon.
You worshipped Xom.
You were a toy of Xom.
You were not hungry.

You visited 1 branch of the dungeon, and saw 2 of its levels.

You collected 136 gold pieces.

Inventory:

Hand Weapons
 b - a +0 mace of pain (weapon)
Missiles
 e - 32 poisoned needles
 f - 72 stones (quivered)
Armour
 d - a +0 ring mail (worn)
Comestibles
 c - 3 bread rations


   Skills:
 + Level 3.4 Fighting
 * Level 3.1 Maces & Flails
 + Level 1.5 Throwing
 + Level 2.0 Armour
 - Level 0.8 Dodging


You had 2 spell levels left.
You didn't know any spells.

Dungeon Overview and Level Annotations

Branches:
Dungeon (2/15)

Altars:
Cheibriados


Innate Abilities, Weirdness & Mutations

Your flesh is heat resistant.


Message History

You are more poisoned.
The adder poisons you! The adder barely misses you.
Unknown command.
Unknown command.
Unknown command.
Unknown command.
ATTACKING (0,1)
You closely miss the adder.
The adder is severely wounded.
You feel sick. The adder bites you but does no damage.
Unknown command.
Unknown command.
Unknown command.
Unknown command.
ATTACKING (0,1)
You closely miss the adder.
The adder is severely wounded.
You feel sick. The adder bites you.
You die... "I guess I need a new plaything now."

###....###.###.##
#.
##.###.......####.
#.# #....##......
##.# #....####.##.
#..###............
#....#############
#.##.# #.# .# #
#6# # ###
#.....(S...# #..
#....!.....# #.#
#..........# ###
#.....(..$.~#
#..........~~~
#..).(.........
#.............. ##


You could see an adder.

Table legend:
 A = Turns spent in this place as a percentage of turns spent in the entire game.
 B = Non-inter-level travel turns spent in this place as a percentage of non-inter-level travel turns spent in the entire game.
 C = Inter-level travel turns spent in this place as a percentage of turns spent in this place.
 D = Turns resting spent in this place as a percentage of non-inter-level travel turns spent in this place.
 E = Turns spent auto-exploring this place as a percentage of non-inter-level travel turns spent in this place.
 F = Non-inter-level travel turns spent in this place divided by the number of levels of this place that you've seen.
                   A       B       C       D       E      F
               +-------+-------+-------+-------+-------+----------------------
         Total | 100.0 | 100.0 |   0.1 |   0.8 |   2.7 | 1256.5
       Dungeon | 100.0 | 100.0 |   0.1 |   0.8 |   2.7 | 1256.5
               +-------+-------+-------+-------+-------+----------------------

Table legend:
 A = Kills in this place as a percentage of kills in entire the game.
 B = Kills by you in this place as a percentage of kills by you in the entire game.
 C = Kills by friends in this place as a percentage of kills by friends in the entire game.
 D = Other kills in this place as a percentage of other kills in the entire game.
 E = Experience gained in this place as a percentage of experience gained in the entire game.
 F = Experience gained in this place divided by the number of levels of this place that you have seen.
                   A       B       C       D       E      F
               +-------+-------+-------+-------+-------+----------------------
         Total | 100.0 | 100.0 |  -nan |  -nan | 100.0 |  32.5
       Dungeon | 100.0 | 100.0 |  -nan |  -nan | 100.0 |  32.5
               +-------+-------+-------+-------+-------+----------------------

Vanquished Creatures
  An adder (D:2)
  An ooze (D:2)
  A giant cockroach (D:2)
  8 goblins
  6 hobgoblins
  5 kobolds
  2 bats (D:1)
  2 giant newts
  5 rats (D:1)
31 creatures vanquished.

Notes
Turn   | Place    | Note
--------------------------------------------------------------
     0 | D:1      | gw the Demonspawn Chaos Knight began the quest for the Orb.
     0 | D:1      | Reached XP level 1. HP: 18/18 MP: 1/1
    41 | D:1      | XOM: butterfly on damage
   435 | D:1      | XOM: harmless Erth miscast
   651 | D:1      | Gained mutation: Your flesh is heat resistant. [demonic ancestry]
   651 | D:1      | Reached XP level 2. HP: 24/24 MP: 2/2
   675 | D:1      | Reached skill level 1 in Throwing
  1065 | D:2      | Reached XP level 3. HP: 27/29 MP: 3/3
  1196 | D:2      | Found a faded altar to an unknown god.
  1248 | D:2      | Found a snail-covered altar of Cheibriados.
  1721 | D:2      | Slain by an adder

Action                   || total
-------------------------++-------
Melee: Mace              ||   120
Throw: Stone             ||    54
  Eat: Chunk             ||     3

Vault maps used:
D:1:      dpeg_arrival_short_road, grunt_decor_one_mirror
D:2:      lightli_temple_of_fire, old_standard_altar, ecumenical_altar_1,
          first_bread
